Map: Zarośnięta placówka

Players

vitho

  • Race: Zerg Zerg
  • Spawn Location: 1:00

Happy

  • Race: Terran Terran
  • Spawn Location: 3:00

Esharell

  • Race: Zerg Zerg
  • League: Platinum
  • Spawn Location: 9:00

Legol

  • Race: Protoss Protoss
  • League: Platinum
  • Spawn Location: 7:00

VOD

Have the link to the VOD?

Description

Time

  • Played on: Jan. 8, 2020, 5:27 p.m.
  • Length: 11:37
Show
View Real Time Build Order
Export as new Build Order

vitho Zerg 

Build Orders: Hatch First 

Get SALT Encoding   

  12  0:01  Drone  
  13  0:09  Drone  
  14  0:19  Overlord  
  14  0:23  Extractor  
  14  0:24  Drone  
  15  0:37  Drone x2  
  17  0:46  Drone  
  18  0:58  Hatchery  
  17  1:12  Spawning Pool  
  17  1:13  Drone  
  17  1:17  Extractor  
  16  1:21  Drone  
  16  1:22  Drone  
  18  1:28  Drone  
  19  1:39  Drone  
  20  1:48  Overlord  
  20  1:58  Queen  
  22  2:08  Drone  
  22  2:09  Roach Warren  
  22  2:10  Drone  
  22  2:13  Queen  
  25  2:16  Zergling x2  
  25  2:21  Zergling x2  
  27  2:24  Drone  
  28  2:33  Drone  
  29  2:42  Drone  
  30  2:48  Roach  
  30  2:49  Roach  
  34  2:53  Drone  
  34  2:55  Zergling x2  
  36  2:59  Lair  
  36  3:04  Overlord  
  36  3:07  Overlord  
  36  3:32  Roach x3  
  42  3:35  Drone x2  
  42  3:37  Drone  
  42  3:40  Drone  
  42  3:41  Hatchery  
  45  3:43  Zergling x2  
  45  3:47  Roach  
  48  3:50  Roach  
  48  3:54  Roach  
  52  4:10  Overlord  
  52  4:12  Burrow  
  52  4:13  Extractor  
  52  4:16  Drone, Extractor  
  51  4:18  Drone  
  51  4:22  Spore Crawler  
  51  4:24  Spore Crawler  
  51  4:26  Drone  
  51  4:27  Drone  
  51  4:29  Drone x2  
  51  4:30  Drone x2  
  56  4:47  Drone x3  
  56  4:49  Glial Reconstitution  
  59  4:53  Drone x3  
  59  4:54  Drone  
  63  5:01  Roach  
  63  5:02  Zergling x2  
  63  5:03  Overlord  
  63  5:29  Roach x4  
  70  5:36  Roach x2  
  70  5:38  Overlord x2  
  74  5:51  Overlord x3  
  63  6:05  Roach x6  
  67  6:13  Roach x5  
  71  6:22  Roach x6  
  71  6:37  Roach x3  
  73  6:45  Roach x2  
  69  7:01  Roach x3  
  75  7:06  Queen, Evolution Chamber  
  75  7:07  Extractor, Evolution Chamber  
  75  7:08  Drone x2  
  76  7:11  Overlord x2  
  76  7:14  Overlord  
  74  7:35  Roach  
  74  7:36  Roach x5  
  84  7:43  Zerg Melee Weapons Level 1  
  84  7:44  Zerg Missile Weapons Level 1  
  84  7:55  Roach  
  86  8:01  Roach  
  86  8:02  Drone  
  89  8:11  Hatchery  
  84  8:17  Zergling x4, Roach x3  
  90  8:33  Roach x6  
  74  8:41  Roach  
  78  8:48  Roach  
  78  8:57  Roach x2  
  81  9:11  Roach x3  
  80  9:25  Queen  
  79  9:35  Roach x3  
  79  9:38  Zerg Ground Armor Level 1  
  83  9:40  Roach x2  
  87  9:49  Ravager x4  
  87  9:50  Ravager x2  
  93  9:53  Roach x3  
  99  10:01  Queen  
  99  10:03  Spore Crawler  
  100  10:09  Roach x3  
  106  10:20  Overlord  
  106  10:21  Roach x16  
  106  10:24  Overlord  
  106  10:30  Overlord  
  106  10:33  Queen  
  104  10:37  Queen  
  96  10:44  Roach x4  
  104  10:53  Roach x18  
  104  10:56  Drone  
  111  11:02  Roach x2  
  115  11:10  Roach x3  
  113  11:13  Roach  
Show
View Real Time Build Order
Export as new Build Order

Happy Terran 

Build Orders: Mech, Banshee Rush 

Get SALT Encoding   

  12  0:01  SCV  
  13  0:13  SCV  
  14  0:18  Supply Depot  
  14  0:25  SCV  
  15  0:28  Refinery  
  15  0:40  SCV  
  16  0:46  Barracks  
  16  0:52  SCV  
  17  1:04  SCV  
  18  1:16  SCV  
  19  1:33  Orbital Command  
  19  1:35  Barracks Reactor  
  19  1:53  Command Center  
  19  2:02  Factory  
  19  2:06  SCV  
  20  2:18  SCV  
  20  2:22  Supply Depot  
  21  2:30  Marine x2  
  23  2:43  SCV  
  24  2:47  Refinery  
  24  2:55  SCV  
  24  2:56  Starport  
  25  3:03  Barracks Tech Lab  
  25  3:08  SCV  
  25  3:12  Orbital Command  
  26  3:20  SCV  
  26  3:24  Hellion  
  29  3:40  SCV x2  
  31  3:48  Supply Depot, Hellion  
  33  3:51  Cloaking Field  
  33  3:52  SCV  
  34  3:57  Hellion  
  34  4:00  SCV  
  37  4:04  SCV  
  37  4:09  Hellion  
  40  4:12  SCV, Viking  
  40  4:16  SCV  
  44  4:19  Hellion  
  47  4:24  SCV  
  47  4:28  SCV  
  48  4:35  Hellion  
  48  4:36  SCV  
  51  4:40  SCV  
  51  4:43  Refinery  
  51  4:44  Factory, Refinery  
  51  4:45  Factory  
  52  4:48  SCV  
  53  4:52  SCV  
  54  5:01  Supply Depot  
  54  5:09  Supply Depot  
  54  5:10  Supply Depot  
  54  5:12  Supply Depot  
  54  5:16  SCV x2  
  54  5:17  Engineering Bay  
  54  5:23  Banshee  
  57  5:28  SCV x2  
  57  5:30  Hellion  
  57  5:31  Hellion  
  63  5:36  Factory Tech Lab  
  63  5:37  Factory Tech Lab  
  63  5:41  SCV x2  
  61  6:05  Siege Tank  
  61  6:06  Banshee, Siege Tank  
  60  6:21  Hellion  
  60  6:22  Hellion  
  64  6:37  Siege Tank  
  64  6:39  Siege Tank  
  67  6:43  Hellion x2  
  67  6:58  Banshee  
  70  7:04  Hellion x2  
  74  7:09  Siege Tank  
  74  7:11  Siege Tank  
  77  7:30  Hellion  
  77  7:37  SCV x2  
  77  7:42  Missile Turret, Siege Tank  
  77  7:43  Siege Tank  
  85  7:46  Missile Turret  
  85  8:07  Supply Depot  
  85  8:08  Banshee, Supply Depot, Hellion x2  
  92  8:13  Supply Depot  
  92  8:26  Siege Tank  
  93  8:27  Siege Tank  
  85  8:45  Hellion x2  
  89  8:50  Banshee  
  92  8:58  Siege Tank  
  92  8:59  Siege Tank  
  95  9:06  Hellion x2  
  96  9:28  Hellion x2  
  96  9:29  Command Center  
  96  9:30  Siege Tank  
  103  9:31  Siege Tank  
  103  9:32  Supply Depot  
  103  9:33  Banshee  
  109  9:57  Hellion x2  
  113  10:00  Infernal Pre-Igniter  
  113  10:02  Siege Tank  
  113  10:03  Siege Tank  
  113  10:04  Missile Turret  
  119  10:10  Supply Depot  
  119  10:19  Hellion x2  
  123  10:24  Supply Depot  
  123  10:26  SCV x2, Supply Depot x2  
  125  10:32  Supply Depot  
  125  10:35  Supply Depot  
  125  10:38  Siege Tank x2  
  131  10:43  Banshee  
  131  10:48  Supply Depot  
  134  10:55  Supply Depot  
  134  11:01  Orbital Command  
  134  11:22  Starport x2  
Show
View Real Time Build Order
Export as new Build Order

Esharell Zerg 

Build Orders: Hatch First 

Get SALT Encoding   

  12  0:01  Drone  
  13  0:13  Overlord  
  13  0:18  Drone  
  14  0:31  Drone x2  
  16  0:36  Drone  
  17  0:56  Drone  
  18  0:59  Hatchery  
  17  1:05  Drone  
  17  1:08  Drone  
  17  1:10  Extractor  
  18  1:21  Spawning Pool  
  18  1:23  Drone  
  18  1:31  Drone  
  19  1:40  Overlord  
  20  2:08  Zergling x2  
  20  2:10  Zergling x2  
  20  2:12  Queen  
  20  2:14  Queen  
  25  2:16  Drone x2  
  25  2:18  Metabolic Boost  
  27  2:28  Zergling x4  
  30  2:37  Roach Warren, Drone  
  30  2:38  Drone  
  30  2:42  Spine Crawler  
  29  2:48  Spine Crawler  
  28  3:00  Queen  
  28  3:04  Drone x2  
  32  3:18  Overlord  
  32  3:20  Drone  
  32  3:21  Drone x2  
  34  3:30  Zergling x2  
  35  3:37  Spine Crawler  
  35  3:39  Roach x2  
  38  3:44  Roach  
  40  3:52  Roach  
  42  4:05  Overlord  
  42  4:17  Overlord  
  42  4:23  Queen  
  44  4:41  Hatchery  
  43  4:54  Roach x3  
  43  4:55  Roach x5  
  59  5:10  Overlord x2  
  58  5:29  Roach x6  
  58  5:30  Roach  
  69  5:44  Zergling x4  
  69  5:45  Zergling x6  
  72  6:03  Roach x3  
  72  6:04  Roach  
  74  6:09  Roach x2  
  68  6:13  Zergling x4  
  62  6:41  Spore Crawler  
  62  6:43  Queen  
  58  6:47  Spore Crawler  
  58  6:51  Drone x3  
  58  6:52  Extractor  
  50  6:59  Zergling x2  
  50  7:00  Zergling x12  
  38  7:53  Roach  
  38  7:54  Roach x10  
  56  8:22  Roach x6  
  51  8:45  Roach  
  51  8:46  Roach x4  
  43  8:56  Roach x2  
  43  8:59  Zergling x2  
  40  9:05  Zergling x2  
  34  9:18  Zergling x2  
  34  9:19  Zergling x2  
  26  9:29  Roach  
  26  9:40  Zergling x2  
  26  9:43  Queen  
  29  9:55  Drone  
  30  10:06  Drone  
  31  10:14  Drone x4  
  35  10:28  Extractor  
  34  10:29  Lair  
  34  10:30  Extractor  
  33  10:47  Drone  
  33  10:48  Drone x2  
  33  10:49  Drone x2  
  38  10:54  Drone  
  37  11:14  Zergling x2  
  37  11:15  Zergling x6  
  41  11:19  Zergling x2  
Show
View Real Time Build Order
Export as new Build Order

Legol Protoss 

Build Orders: 1 Gate Expand 

Get SALT Encoding   

  12  0:01  Probe  
  13  0:13  Probe  
  14  0:20  Pylon  
  14  0:25  Probe  
  15  0:38  Probe (Chrono Boost)  
  16  0:43  Gateway  
  17  0:50  Probe (Chrono Boost), Assimilator  
  17  0:56  Probe (Chrono Boost)  
  18  1:05  Probe  
  19  1:30  Nexus  
  19  1:34  Probe  
  20  1:43  Cybernetics Core  
  20  1:45  Pylon  
  20  1:59  Probe  
  21  2:03  Assimilator  
  21  2:11  Probe  
  22  2:26  Pylon  
  22  2:29  Robotics Facility  
  22  2:32  Gateway  
  22  2:35  Pylon  
  22  2:37  Probe  
  23  2:45  Sentry (Chrono Boost)  
  23  2:49  Probe  
  26  2:51  Warp Gate  
  26  2:54  Probe  
  27  3:01  Probe  
  28  3:06  Probe  
  28  3:09  Stalker  
  31  3:13  Probe  
  32  3:26  Immortal (Chrono Boost)  
  36  3:32  Stalker  
  38  3:36  Probe  
  38  3:37  Probe  
  40  3:43  Stalker  
  42  3:49  Probe x2  
  44  3:59  Immortal (Chrono Boost)  
  48  4:08  Stalker  
  50  4:13  Probe x2  
  52  4:19  Pylon  
  52  4:25  Probe  
  52  4:26  Stalker  
  55  4:32  Probe  
  55  4:36  Observer  
  55  4:37  Probe  
  59  4:46  Assimilator  
  59  4:47  Probe (Chrono Boost)  
  59  4:49  Probe (Chrono Boost)  
  59  4:50  Assimilator, Forge  
  62  5:00  Probe (Chrono Boost)  
  62  5:02  Probe (Chrono Boost)  
  62  5:11  Stalker  
  62  5:12  Stalker  
  66  5:30  Pylon  
  66  5:31  Pylon  
  66  5:39  Stalker x2  
  70  5:47  Warp Prism (Chrono Boost)  
  70  5:48  Pylon  
  72  5:51  Pylon, Gateway x2  
  72  5:55  Gateway  
  72  6:12  Photon Cannon  
  72  6:15  Photon Cannon x2  
  70  6:19  Photon Cannon  
  66  6:53  Stalker x2  
  70  6:54  Stalker x3  
  74  7:17  Stalker x3  
  74  7:18  Stalker x2  
  74  7:22  Observer (Chrono Boost)  
  55  7:41  Immortal (Chrono Boost)  
  59  7:46  Protoss Ground Weapons Level 1 (Chrono Boost)  
  59  7:52  Stalker  
  59  7:53  Stalker x4  
  59  7:56  Robotics Bay  
  69  8:04  Robotics Facility  
  69  8:13  Immortal (Chrono Boost)  
  71  8:34  Stalker  
  71  8:35  Stalker x4  
  77  9:05  Zealot x5  
  61  9:25  Stalker  
  61  9:26  Stalker x4  
  69  9:31  Colossus x2 (Chrono Boost)  
  69  9:49  Stalker x4  
  69  9:50  Stalker  
  79  10:02  Extended Thermal Lance (Chrono Boost)  
  79  10:15  Stalker  
  79  10:16  Stalker x3  
  87  10:32  Twilight Council  
  85  10:44  Zealot x3  
  85  10:45  Zealot  
  93  11:03  Nexus  
  73  11:30  Stalker x5  
Tags
 
Add a new tag
Caveats
  • Supply blocks, unpowered buildings, or Contaminate may cause inaccurate times.
  • Supply counts are checked every 10 seconds.